 Dungeon Crawl Stone Soup version 0.18.1-50-g88ac8fd (webtiles) character file.

18 Amnesiac the Charlatan (level 2, 0/14 HPs)
             Began as a Vine Stalker Artificer on July 6, 2018.
             Succumbed to an adder's poison
             ... on level 2 of the Dungeon.
             The game lasted 00:00:21 (129 turns).

Amnesiac the Charlatan (Vine Stalker Artificer)      Turns: 129, Time: 00:00:22

Health: 0/14       AC:  3    Str: 13    XL:     2   Next: 66%
Magic:  2/5        EV: 11    Int: 12    God:
Gold:   0          SH:  0    Dex: 14    Spells: 0 memorised, 1 level left

rFire  . . .     SeeInvis .     a - +0 short sword
rCold  . . .     Gourm    .     b - +0 leather armour
rNeg   . . .     Faith    .     (no shield)
rPois  .         Spirit   +     (no helmet)
rElec  .         Dismiss  .     (no cloak)
rCorr  .         Reflect  .     (no gloves)
SustAt .         Harm     .     (no boots)
MR     .....                    (no amulet)
Stlth  ++........               (no ring)
                                (no ring)

@: lethally poisoned (0 -> -6), not resistant to hostile enchantments,
unstealthy
A: fangs 2, regeneration 1, magic shield, antimagic bite, no device heal 3, rot
immunity
a: no special abilities


You were on level 2 of the Dungeon.
You were not hungry.

You visited 1 branch of the dungeon, and saw 2 of its levels.

Inventory:

Hand Weapons
 a - a +0 short sword (weapon)
Armour
 b - a +0 leather armour (worn)
 i - a +0 cloak
Wands
 c - a wand of flame (15/48)
 d - a wand of enslavement (15/24)
 e - a wand of random effects (15/48)
Scrolls
 h - 2 scrolls of remove curse {!r, unknown}
 k - a scroll of enchant weapon {!r, unknown}
Potions
 j - a potion of haste {!q, unknown}
 l - a potion of lignification {!q, unknown}
Comestibles
 f - a bread ration
 g - a meat ration
 m - 4 fruits


   Skills:
 - Level 0.8 Fighting
 + Level 1.9 Short Blades
 - Level 1.5 Dodging
 - Level 1.2 Stealth
 - Level 3.0 Evocations


You had one spell level left.
You didn't know any spells.

Dungeon Overview and Level Annotations

Branches:
Dungeon (2/15)

Altars:


Innate Abilities, Weirdness & Mutations

You have extremely sharp teeth.
Your natural rate of healing is unusually fast.
When hurt, damage is shared between your health and your magic reserves.
Your bite disrupts and absorbs the magic of your enemies.
Potions and wands cannot restore your health.
You are immune to rotting.


Message History

Found a leather armour.
There is a stone staircase leading up here.
The helpless adder fails to defend itself.
You puncture the adder! You bite the adder. You drain its power.
You feel invigorated.
You kill the adder!
No target in view!
No target in view!
HP restored.
You see here an adder corpse.
There is a stone staircase leading up here.
You see here a leather armour.
An adder comes into view.
A jackal comes into view.
There are monsters nearby!
There are monsters nearby!
You closely miss the adder. The adder bites you.
You hit the adder.
The adder is heavily wounded.
The adder bites you but does no damage. The adder closely misses you.
The jackal bites you. The jackal bites you.
You hit the jackal.
You kill the jackal!
The adder bites you.
You miss the adder. You bite the adder. You drain its power.
You feel invigorated.
The adder is severely wounded.
The adder bites you.
You barely miss the adder.
The adder is severely wounded.
The adder bites you.
You are poisoned.
The adder poisons you!
You barely miss the adder.
The adder is severely wounded.
You feel sick. The adder bites you.
* * * LOW HITPOINT WARNING * * *
You are more poisoned.
The adder poisons you! The adder closely misses you.
You closely miss the adder.
The adder is severely wounded.
* * * LOW HITPOINT WARNING * * *
You feel sick. The adder bites you.
* * * LOW HITPOINT WARNING * * *
You are more poisoned.
The adder poisons you!
You are too injured to fight recklessly!
You are too injured to fight recklessly!
You are too injured to fight recklessly!
You closely miss the adder.
The adder is severely wounded.
* * * LOW HITPOINT WARNING * * *
You feel sick. The adder bites you.
* * * LOW HITPOINT WARNING * * *
You miss the adder. You bite the adder. You drain its power.
You feel invigorated.
The adder is almost dead.
* * * LOW HITPOINT WARNING * * *
You feel sick.
The adder bites you but does no damage. x2
You are too injured to fight recklessly!
You closely miss the adder.
The adder is almost dead.
You die...

... ..# # #.#.#
##.#.# #....#
#..# #..# ###
#..##########.#
#...S@[.<†..#.###
#.#######.......#
... ###.#.###
#.##. #.#.# # #.
#.#.### #.
#.....# ..
#######


You could see an adder.

Vanquished Creatures
  An adder (D:2)
  2 dart slugs (D:1)
  A goblin (D:1)
  A jackal (D:2)
  A giant newt (D:1)
6 creatures vanquished.

Notes
Turn   | Place    | Note
--------------------------------------------------------------
     0 | D:1      | Amnesiac the Vine Stalker Artificer began the quest for the Orb.
     0 | D:1      | Reached XP level 1. HP: 9/9 MP: 3/3
    47 | D:1      | Reached skill level 1 in Short Blades
    47 | D:1      | Reached skill level 3 in Evocations
    85 | D:1      | Reached XP level 2. HP: 11/14 MP: 3/5
   129 | D:2      | Succumbed to an adder's poison

Skill      XL: |  1 |
---------------+----+-----
Short Blades   | 1 |  1.9
Evocations     | 3 |  3.0
Fighting       | |  0.8
Dodging        | |  1.5
Stealth        | |  1.2

Action                   || total
-------------------------++-------
Melee: Short sword       ||    21
       Bite              ||     7
 Stab: Sleeping          ||     1
Armor: Leather armour    ||     6
Dodge: Dodged            ||     3
